 Dungeon Crawl Stone Soup version 0.31-a0-455-g1a7b003ef0 (webtiles) character file.

Game seed: 2262147407507682789

149 Adrian566 the Ruffian (level 5, -10/48 HPs)
             Began as a Troll Shapeshifter on Aug 3, 2023.
             Succumbed to a kobold brigand's curare-tipped dart
             ... in a sewer.
             The game lasted 00:02:14 (1440 turns).

Adrian566 the Ruffian (Troll Shapeshifter)          Turns: 1440, Time: 00:02:15

Health: -10/48     AC:  4    Str: 25    XL:     5   Next: 9%
Magic:  4/4        EV: 10    Int:  4    God:
Gold:   172        SH:  0    Dex: 10    Spells: 4/4 levels left

rFire   + .          .
                       - Unarmed
rCold   + . .        (no shield)
rNeg    . . .        a - +0 animal skin
rPois   +            (helmet currently unavailable)
rElec   +            (cloak currently unavailable)
rCorr   +            (gloves unavailable)
SInv    .            (boots unavailable)
Will    .....        (no amulet)
Stlth   +            (no ring)
HPRegen 1.08/turn    (no ring)
MPRegen 0.09/turn

%: no passive effects
@: lethally poisoned (-10 -> -41), about to teleport, beast-form, resistant,
slowed, very slow
A: beast (slay +2), large, unfitting armour, claws 3, regeneration 1, shaggy fur
1, tough skin 1
a: Begin Untransformation


You were in a sewer.
You were a hulking beast.
You visited 1 branch of the dungeon, and saw 3 of its levels.
You also visited: Sewer.

You collected 172 gold pieces.

Inventory:

Armour
 a - a +0 animal skin (worn)
Talismans
 c - a beast talisman (active)
Scrolls
 d - a scroll of poison {unknown}
 f - a scroll of enchant armour {unknown}
 g - a scroll of blinking
Potions
 b - a potion of lignification
 e - a potion of degeneration
 j - a potion of berserk rage {unknown}


   Skills:
 + Level 1.2 Fighting
 + Level 2.0 Dodging
 + Level 4.2 Unarmed Combat
 + Level 4.1 Shapeshifting


You had 4 spell levels left.
You didn't know any spells.
Your spell library contained the following spells:

 Spells                   Type           Power      Damage    Failure   Level
 Sandblast                Erth           0%         2d4       50%         1
 Passwall                 Tmut/Erth      0%         N/A       65%         2
 Stone Arrow              Conj/Erth      0%         3d7       86%         3
 Volatile Blastmotes      Fire/Tloc      0%         2d10      86%         3
 Fulminant Prism          Conj/Hex       0%         3d5       99%         4
 Iskenderun's Mystic Bla  Conj/Tloc      0%         2d3       99%         4


Dungeon Overview and Level Annotations

Branches:
Dungeon (3/15)              Sewer (1/1)

Altars:


Innate Abilities, Weirdness & Mutations

You are a hulking beast.
Your limbs bulge with bestial killing power. (Slay +2)
You are too large for most types of armour.
You have claws for hands.
Your natural rate of healing is unusually fast.
You are covered in fur. (AC +1)
You have tough skin. (AC +1)


Message History

You feel sick.
The kobold brigand throws a curare-tipped dart.
The curare-tipped dart hits you.
You are more poisoned.
You have difficulty breathing.
You feel as though you will be slow longer.
The kobold brigand throws a curare-tipped dart.
The curare-tipped dart barely misses you.
Your Dodging skill increases to level 2!
No reachable target in view!
Unknown command.
No reachable target in view!
You feel very sick.
The kobold brigand throws a curare-tipped dart.
The curare-tipped dart closely misses you.
You enter the shallow water.
You feel sick.
You feel sick.
The kobold brigand throws a curare-tipped dart.
The curare-tipped dart hits you.
You are more poisoned.
You have difficulty breathing.
You feel as though you will be slow longer.
The kobold brigand throws a curare-tipped dart.
The curare-tipped dart hits you.
You are lethally poisoned!
You have difficulty breathing.
You feel as though you will be slow longer.
As you read the scroll of teleportation, it crumbles to dust.
You feel strangely unstable.
* * * LOW HITPOINT WARNING * * *
You feel extremely sick.
The kobold brigand throws a curare-tipped dart.
The curare-tipped dart hits you.
You are more poisoned.
You have difficulty breathing.
* * * LOW HITPOINT WARNING * * *
You feel as though you will be slow longer.
It was a potion of resistance.
You feel protected.
You die...

### #∩# ############
###.###..~...~~..#
######.......~.~~~~~K.#
###≈≈≈~~~~~~~~~~K~~≈≈≈~.#K
#≈≈≈≈≈≈≈≈≈≈≈≈≈≈≈≈≈≈≈≈≈~...
#≈≈≈≈≈~~~~≈~~~~~~~≈≈≈~~#
#######...~h.)~~~~~~~..#
#######~~.~~†~...#
##~######### #~# #~# #~#
#~# #~# #~#


You could see a kobold brigand.

Vanquished Creatures
  An orc wizard (D:3)
  4 river rats
  2 adders (D:2)
  A worm (D:2)
  A dart slug (D:2)
  4 orcs
  5 ball pythons
  2 bats
  7 endoplasms
  A giant cockroach (D:2)
  4 goblins (D:1)
  6 hobgoblins
  2 jackals (Sewer)
  10 kobolds
  A quokka (D:1)
  2 frilled lizards (D:1)
  8 rats
61 creatures vanquished.

Notes
Turn   | Place    | Note
-------+----------+-------------------------------------------
     0 | D:1      | Adrian566 the Troll Shapeshifter began the quest for the
                  | Orb.
     0 | D:1      | Reached XP level 1. HP: 18/18 MP: 0/0
    70 | D:1      | Found a faded altar of an unknown god.
   122 | D:1      | Reached XP level 2. HP: 26/26 MP: 1/1
   346 | D:1      | Reached XP level 3. HP: 32/32 MP: 2/2
   545 | D:2      | Reached skill level 1 in Fighting
  1222 | D:2      | Reached XP level 4. HP: 41/41 MP: 3/3
  1334 | D:3      | Found a glowing drain.
  1344 | Sewer    | Entered a sewer
  1357 | Sewer    | Reached XP level 5. HP: 41/48 MP: 4/4
  1439 | Sewer    | HP: 1/48 [asphyx]
  1440 | Sewer    | Succumbed to a kobold brigand's curare-tipped dart

Illustrated notes

Levels and vault maps discovered:
D:1:      dpeg_arrival_pond, layout_rooms, shapermc_ecumenical_altar_acropolis
D:2:      layout_loops_corners, columned_hall_lemuel, minmay_tetromino_o2,
          uniq_crazy_yiuf_cottage
D:3:      layout_rooms, marbit_many_paths, lemuel_coloured_pillars_altar,
          nicolae_overflow_ecumenical_swirl, cheibrodos_sewer_entry_sluice
Sewer:    sewer_kobolds

Skill      XL: |  1  2  3  4  5 |
---------------+----------------+-----
Fighting       | 1 |  1.2
Unarmed Combat | 4 |  4.2
Shapeshifting  | 4 |  4.1
Dodging        | 2 |  2.0

Action                     |  1- 3 |  4- 6 || total
---------------------------+-------+-------++-------
  Melee: Unarmed           |    77 |    39 ||   116
         Punch             |       |     1 ||     1
    Use: Scroll            |     5 |     1 ||     6
         Potion            |       |     1 ||     1
 Armour: Animal skin       |    16 |    23 ||    39
  Dodge: Dodged            |    27 |    32 ||    59

Table legend: (Time is in decaauts)
 A = Elapsed time spent in this place.
 B = Non-inter-level travel time spent in this place.
 C = Inter-level travel time spent in this place.
 D = Time resting spent in this place.
 E = Time spent auto-exploring this place.
 F = Levels seen in this place.
 G = Mean time per level.
                   A        B        C        D        E       F      G
               +--------+--------+--------+--------+--------+-----+--------+
         Total |   1435 |   1414 |     21 |     48 |   1056 |   4 |  358.8 |
       Dungeon |   1338 |   1317 |     21 |     48 |   1004 |   3 |  446.0 |
         Sewer |     96 |     96 |      0 |      0 |     52 |   1 |   96.0 |
               +--------+--------+--------+--------+--------+-----+--------+

Top non-repeatable levels by time:
     D:2: 815 daAuts
     D:1: 482 daAuts
   Sewer: 96 daAuts
     D:3: 41 daAuts
